 Dungeon Crawl Stone Soup version 0.27-a0-887-gcab673c142 (webtiles) character file.

Game seed: 9000589824170443031

41 mhtbhm the Skirmisher (level 3, -1/34 HPs)
             Began as a Minotaur Fighter on Apr 4, 2021.
             Was an Initiate of Gozag.
             Killed by nerve-wracking pain
             ... invoked by a shadow imp
             ... summoned by Natasha
              (14 damage)
             ... on level 2 of the Dungeon.
             The game lasted 00:01:15 (1753 turns).

mhtbhm the Skirmisher (Minotaur Fighter)            Turns: 1753, Time: 00:01:16

Health: -1/34      AC:  7    Str: 21    XL:     3   Next: 32%
Magic:  2/2        EV:  7    Int:  5    God:    Gozag
Gold:   223        SH:  9    Dex:  9    Spells: 2/2 levels left

rFire    . . .     SeeInvis .   a - +0 trident
rCold    . . .     Faith    .   c - +0 kite shield
rNeg     . . .     Spirit   .   b - +0 scale mail
rPois    .         Reflect  .   (helmet restricted)
rElec    .         Harm     .   (no cloak)
rCorr    .         Rampage  .   (no gloves)
Will     .....                  (no boots)
Stlth    ..........             (no amulet)
HPRegen  0.11/turn              (no ring)
MPRegen  0.08/turn              (no ring)

@: slowed, very slow
A: horns 2, retaliatory headbutt
a: Renounce Religion, Potion Petition, Call Merchant, Bribe Branch


You were on level 2 of the Dungeon.
You worshipped Gozag.
Gozag was aware of your devotion.
You visited 1 branch of the dungeon, and saw 2 of its levels.

You collected 223 gold pieces.

Inventory:

Hand Weapons
 a - a +0 trident (weapon)
Armour
 b - a +0 scale mail (worn)
 c - a +0 kite shield (worn)
Jewellery
 k - a ring of fire
Scrolls
 e - a scroll of enchant weapon {unknown}
 g - a scroll of identify {unknown}
 h - a scroll of enchant armour {unknown}
 i - a scroll of blinking {unknown}
 j - a scroll of teleportation {unknown}
Potions
 d - 2 potions of might
 f - a potion of attraction {unknown}


   Skills:
 + Level 4.3 Fighting
 + Level 3.0 Polearms
 + Level 4.1 Armour
 + Level 0.3 Dodging
 + Level 3.9 Shields


You had 2 spell levels left.
You didn't know any spells.
Your spell library was empty.

Dungeon Overview and Level Annotations

Branches:
Dungeon (2/15)

Altars:
Gozag

Annotations:
D:2 Natasha


Innate Abilities, Weirdness & Mutations

You have a pair of horns on your head.
You reflexively headbutt those who attack you in melee.


Message History

No target in view!
No target in view!
You now have 223 gold pieces (gained 5).
You see here a +0 short sword.
Found a leather armour.
Natasha, Servant of Life and Death comes into view.
Natasha casts a spell at you. The magic dart hits you.
Natasha is nearby!
You reach to attack!
You barely miss Natasha. You block Natasha's attack.
You barely miss Natasha. Your headbutt misses Natasha.
Natasha claws you but does no damage.
You closely miss Natasha. Your headbutt misses Natasha.
Natasha stares at you and mumbles some strange words.
You feel yourself slow down.
You barely miss Natasha. Natasha claws you. x2
You miss Natasha. You block Natasha's attack.
Natasha stares at you and mumbles some strange words.
The magic dart hits you! Natasha claws you.
You are too injured to fight recklessly!
You are too injured to fight recklessly!
You are too injured to fight recklessly!
You are too injured to fight recklessly!
You are too injured to fight recklessly!
You are too injured to fight recklessly!
You are too injured to fight recklessly!
You are too injured to fight recklessly!
You are too injured to fight recklessly!
You are too injured to fight recklessly!
You are too injured to fight recklessly!
You barely miss Natasha. Your headbutt misses Natasha.
You block Natasha's attack.
Natasha casts a spell.
Unknown command.
You closely miss Natasha. Your headbutt misses Natasha.
You block Natasha's attack. The shadow imp gestures at you.
Pain shoots through your body!
You die...
Your body crumbles into a pile of gold.

#.# #.#.#.#
#.##.# #.#.#.#
#.##.# #...#.#
#.##.# ###.#.#
#.##.#######.#.#
#.##.........#.#
#.############.#
#h# #.# #@# #.#
#5# #.#
##.############.#
#...............#
###############.#
###


You could see Natasha and a shadow imp (summoned).

Vanquished Creatures
  A worm (D:2)
  A dart slug (D:2)
  3 endoplasms
  5 giant cockroaches
  3 goblins
  3 hobgoblins
  2 jackals (D:1)
  3 ball pythons
  A bat (D:1)
  2 frilled lizards
  5 kobolds
  6 rats
35 creatures vanquished.

Notes
Turn   | Place    | Note
-------+----------+-------------------------------------------
     0 | D:1      | mhtbhm the Minotaur Fighter began the quest for the Orb.
     0 | D:1      | Reached XP level 1. HP: 19/19 MP: 0/0
    83 | D:1      | Found a faded altar of an unknown god.
   109 | D:1      | Became a worshipper of Gozag Ym Sagoz the Greedy
   374 | D:1      | Reached XP level 2. HP: 27/27 MP: 1/1
  1295 | D:2      | Reached XP level 3. HP: 30/33 MP: 2/2
  1744 | D:2      | Noticed Natasha
  1753 | D:2      | Killed from afar by a shadow imp

Illustrated notes

Levels and vault maps discovered:
D:1:      minmay_arrival_stone_box, layout_basic,
          chequers_ecumenical_altar_simple_redux
D:2:      layout_basic, serial_shops, nicolae_shop_stone, basic_altar,
          kennysheep_decorative_pillar, roderic_roman_lattice,
          minmay_misc_feat_doors, uniq_natasha

Skill      XL: |  1  2  3 |
---------------+----------+-----
Armour         | 4 |  4.1
Fighting       | 4 |  4.3
Polearms       | 3 |  3.0
Dodging        | |  0.3
Shields        | |  3.9

Action                   || total
-------------------------++-------
Melee: Trident           ||    88
       Headbutt          ||     6
Armor: Scale mail        ||    31
Dodge: Dodged            ||    17
Block: Kite shield       ||    27

Table legend: (Time is in decaauts)
 A = Elapsed time spent in this place.
 B = Non-inter-level travel time spent in this place.
 C = Inter-level travel time spent in this place.
 D = Time resting spent in this place.
 E = Time spent auto-exploring this place.
 F = Levels seen in this place.
 G = Mean time per level.
                   A        B        C        D        E       F      G
               +--------+--------+--------+--------+--------+-----+--------+
         Total |   1790 |   1682 |    108 |      0 |   1444 |   2 |  895.0 |
       Dungeon |   1790 |   1682 |    108 |      0 |   1444 |   2 |  895.0 |
               +--------+--------+--------+--------+--------+-----+--------+

Top non-repeatable levels by time:
     D:1: 1200 daAuts
     D:2: 589 daAuts
